 Dungeon Sprint DCSS version 0.18-a0-1186-gd02dc51 (webtiles) character file.

60164 Kidiri the Imperceptible (level 13, 0/55 HPs)
             Began as a Spriggan Enchanter on Jan 28, 2016.
             Was the Champion of Dithmenos.
             Killed by divine providence
             ... invoked by an orc high priest
              (8 damage)
             ... in the Dungeon (Sprint III: "The Ten Rune Challenge").
             The game lasted 00:19:54 (4631 turns).

Kidiri the Imperceptible (Spriggan Enchanter)       Turns: 4631, Time: 00:19:54

Health: 0/55       AC:  3    Str:  4    XL:     13   Next: 29%
Magic:  15/34      EV: 36    Int: 20    God:    Dithmenos [******]
Gold:   57         SH:  0    Dex: 20    Spells: 5 memorised, 33 levels left

rFire  . . .     SeeInvis +     a - +1 dagger
rCold  . . .     Gourm    .     b - +1 robe
rNeg   . . .     Faith    .     (shield restricted)
rPois  .         Spirit   .     v - +0 hat
rElec  .         Dismiss  .     (no cloak)
rCorr  .         Reflect  .     (gloves unavailable)
SustAt .         Harm     .     (boots unavailable)
MR     ++...     NoTele   +     (no amulet)
Stlth  ++++++++++               (no ring)
                                (no ring)

@: wreathed by umbra, very quick, very resistant to hostile enchantments,
uncannily stealthy
A: unfitting armour, antennae 1, talons 1, thin skeletal structure 1, see
invisible, herbivore 3, speed 3, screaming 1, slow metabolism 2, wild magic 1,
MP-powered wands
a: Shadow Step, Shadow Form, Renounce Religion
}: 2/10 runes: decaying, barnacled


You were in the Dungeon.
You worshipped Dithmenos.
Dithmenos was exalted by your worship.
You were not hungry.

You visited 1 branch You collected 57 gold pieces.

Inventory:

Hand Weapons
 a - a +1 dagger (weapon)
Missiles
 k - 10 throwing nets (quivered)
Armour
 b - a +1 robe (worn)
 v - a +0 hat (worn)
Wands
 i - a wand of confusion (28/48)
Scrolls
 j - a scroll of blinking
 l - a scroll of holy word {unknown}
 m - a scroll of amnesia {unknown}
 n - 3 scrolls of remove curse
 r - a scroll of immolation {unknown}
 s - 2 scrolls of identify {unknown}
Potions
 c - a potion of berserk rage
 d - a potion of lignification {unknown}
 f - a potion of resistance {unknown}
 g - a potion of haste
 p - 7 potions of cure mutation
 q - 2 potions of flight
 u - 3 potions of might
Comestibles
 o - 10 fruits
 t - 28 royal jellies


   Skills:
 * Level 15.7 Short Blades
 + Level 8.5 Armour
 * Level 19.5 Dodging
 * Level 21.3 Stealth
 * Level 16.9 Spellcasting
 + Level 8.4 Conjurations
 + Level 12.9 Hexes
 + Level 8.9 Ice Magic
 - Level 2.1 Invocations


You had 33 spell levels left.
You knew the following spells:

 Your Spells              Type           Power        Failure   Level  Hunger
a - Corona                Hex            #######      1%          1    None
b - Ensorcelled Hibernat  Hex/Ice        ######       1%          2    None
c - Confuse               Hex            #######.     1%          3    None
d - Tukima's Dance        Hex            #######.     1%          3    None
e - Dazzling Spray        Conj/Hex       ######..     1%          3    None


Dungeon Overview and Level Annotations

Branches:
Dungeon (1/1)

Altars:
Cheibriados
Dithmenos
Elyvilon
Fedhas
Gozag
Kikubaaqudgha
Makhleb
Nemelex Xobeh
Okawaru
Pakellas
Qazlal
Ru
Sif Muna
Trog
Vehumet
Xom
Yredelemnul
Zin
The Shining One
Jiyva
Lugonu

Shops:
D [?}!:(!


Innate Abilities, Weirdness & Mutations

You are tiny and cannot use many weapons and most armour.
You have supernaturally acute eyesight.
You are a herbivore.
You cover ground extremely quickly.
You need consume almost no food.
You have a pair of small antennae on your head.
You have sharp toenails.
You have a somewhat thin skeletal structure (Dex +2, Stealth).
You occasionally shout uncontrollably at your foes.
Your spells are a little harder to cast, but a little more powerful.
You expend magic power (3 MP) to strengthen your wands.


Message History

Casting: Confuse
Confirm with . or Enter, or press ? or * to list all spells.
Aiming: Tukima's Dance
Press: ? - help, Shift-Dir - straight line, f/p - orc high priest
Aim: an orc high priest, wielding a hand axe and wearing a leather armour (moderately wounded, umbra, chance to defeat MR: 83%)
The hand axe dances into the air!
The orc high priest closely misses you.
You hit the orc high priest but do no damage.
Your kick misses the orc high priest.
The orc high priest is moderately wounded.
Your shadow closely misses the orc high priest.
Unknown command.
Casting: Tukima's Dance
Confirm with . or Enter, or press ? or * to list all spells.
Aiming: Dazzling Spray
Press: ? - help, Shift-Dir - straight line, f/p - orc high priest
Aim: an orc high priest, wearing a leather armour (moderately wounded, umbra)
The spray of energy misses the orc high priest.
The orc high priest mumbles some strange prayers to Beogh against you.
Something smites you!
You die...

♣.#############3##$# $
♣.#___#__[#__##$#$##o#$
..#)..#..)#%_#$$o..oo..
..###+#+###+##o...o.o.$
♣.#..........#)$.oooo.#
..'.⌠........#o#{o4o$$#
♣.#...######'#)###$$$##
..#.⌠.#__#...#)##################
..#...#__#...#[o@.#)#.#.....#....
..#+###__#...##(#.)#)##.###.#....
..#.:)#__#...'##.#)#.##.#).##....
..#___#__+...#...#..#..##.)+.....
▓▓▓▓▓▓▓▓▓▓▓▓▓▓▓▓▓▓▓▓▓▓▓▓▓▓▓#.....
♣.....♣♣♣♣≈≈≈........≈≈≈...#.....
♣.≈≈≈≈+♣♣+♣≈≈≈≈≈≈≈≈≈≈≈≈♣♣P.+.....
+.....#.≈♣♣♣♣♣♣♣♣♣♣♣♣♣♣♣♣PP#.....
♣♣♣♣♣♣#..♣♣ ♣♣♣##+###


You could see an orc high priest and a friendly hand axe.

Vanquished Creatures
  the Lernaean hydra (D)
  Rupert (D)
  A kraken (D)
  Gastronok (D)
  Maud (D)
  2 dire elephants (D)
  3 hydras (D)
  Erolcha (D)
  2 alligator snapping turtles (D)
  4 death yaks (D)
  A death drake (D)
  A spriggan druid (D)
  5 swamp dragons (D)
  A deep elf mage (D)
  A lindwurm (D)
  2 elephants (D)
  2 black mambas (D)
  2 spiny frogs (D)
  A komodo dragon (D)
  A fire drake (D)
  A queen bee (D)
  3 wandering mushrooms (D)
  8 blink frogs (D)
  2 giant leeches (D)
  3 snapping turtles (D)
  A shadow (D)
  5 redbacks (D)
  2 spriggans (D)
  A hill giant (D)
  A spatial vortex (D)
  3 swamp drakes (D)
  A necrophage (D)
  2 two-headed ogres (D)
  A water elemental (D)
  31 killer bees (D)
  An electric eel (D)
  A wizard (D)
  A jelly (D)
  3 orc priests (D)
  An orc wizard (D)
  A wolf (D)
  A necromancer (D)
  3 humans (D)
  A kobold demonologist (D)
  2 oozes (D)
  8 orcs (D)
  2 rats (D)
  2 plants (D)
126 creatures vanquished.

Vanquished Creatures (collateral kills)
  An orc high priest (D)
  A hill giant (D)
  2 orc warriors (D)
  A two-headed ogre (D)
  A killer bee (D)
  2 orc priests (D)
8 creatures vanquished.

Vanquished Creatures (others)
  2 draconian scorchers (D)
  An alligator snapping turtle (D)
  3 yaktaurs (D)
  2 fungi (D)
  6 plants (D)
  4 tentacles (D)
18 creatures vanquished.

Grand Total: 152 creatures vanquished

Notes
Turn   | Place    | Note
--------------------------------------------------------------
     0 | D        | Kidiri the Spriggan Enchanter began the quest for the Orb.
     0 | D        | Reached XP level 1. HP: 9/9 MP: 5/5
    13 | D        | Reached skill level 5 in Stealth
    13 | D        | Reached XP level 2. HP: 13/13 MP: 5/7
    17 | D        | Learned a level 2 spell: Ensorcelled Hibernation
    35 | D        | Reached skill level 1 in Armour
    98 | D        | Reached XP level 3. HP: 16/16 MP: 3/9
   103 | D        | Learned a level 3 spell: Confuse
   107 | D        | Learned a level 3 spell: Dazzling Spray
   128 | D        | Reached skill level 5 in Dodging
   128 | D        | Reached skill level 6 in Stealth
   128 | D        | Reached skill level 1 in Ice Magic
   182 | D        | Killed a yaktaur
   210 | D        | Noticed a water elemental
   232 | D        | Killed a water elemental
   232 | D        | Reached skill level 7 in Stealth
   232 | D        | Reached skill level 5 in Spellcasting
   232 | D        | Reached skill level 1 in Conjurations
   232 | D        | Reached XP level 4. HP: 3/21 MP: 1/12
   261 | D        | Killed a white draconian scorcher
   360 | D        | Killed a white draconian scorcher
   415 | D        | Learned a level 3 spell: Tukima's Dance
   510 | D        | Noticed a shadow
   512 | D        | Killed a shadow
   512 | D        | Reached skill level 5 in Short Blades
   512 | D        | Reached skill level 9 in Stealth
   512 | D        | Reached skill level 5 in Hexes
   512 | D        | Reached XP level 5. HP: 24/24 MP: 13/15
   512 | D        | Reached XP level 6. HP: 28/28 MP: 13/16
   535 | D        | Found an oddly glowing altar of Pakellas.
   535 | D        | Found a stormy altar of Qazlal.
   536 | D        | Noticed a spatial vortex
   536 | D        | Found a sacrificial altar of Ru.
   536 | D        | Found a burning altar of Makhleb.
   536 | D        | Found a viscous altar of Jiyva.
   536 | D        | Found a shimmering altar of Xom.
   536 | D        | Found a shadowy altar of Dithmenos.
   536 | D        | Found a sparkling altar of Nemelex Xobeh.
   536 | D        | Found a corrupted altar of Lugonu.
   536 | D        | Found an opulent altar of Gozag.
   540 | D        | Became a worshipper of Dithmenos the Shadowed
   555 | D        | Killed a spatial vortex
   555 | D        | Reached skill level 10 in Stealth
   555 | D        | Reached skill level 1 in Invocations
   668 | D        | Found a radiant altar of Vehumet.
   669 | D        | Found a deep blue altar of Sif Muna.
   669 | D        | Found an ancient bone altar of Kikubaaqudgha.
   697 | D        | Found an iron altar of Okawaru.
   698 | D        | Found a bloodstained altar of Trog.
   698 | D        | Noticed a human
   698 | D        | Noticed a human
   700 | D        | Killed a human
   700 | D        | Reached * piety under Dithmenos
   700 | D        | Reached XP level 7. HP: 32/32 MP: 17/19
   701 | D        | Killed a human
   701 | D        | Reached skill level 11 in Stealth
   716 | D        | Found a glowing silver altar of Zin.
   717 | D        | Found a glowing golden altar of the Shining One.
   717 | D        | Found a white marble altar of Elyvilon.
   717 | D        | Noticed a deep elf mage
   719 | D        | Killed a deep elf mage
   719 | D        | Reached skill level 10 in Dodging
   719 | D        | Reached skill level 12 in Stealth
   719 | D        | Reached XP level 8. HP: 36/36 MP: 20/22
   730 | D        | Gained mutation: You have a pair of small antennae on your head. [potion of mutation]
   730 | D        | Gained mutation: You have a somewhat thin skeletal structure (Dex +2, Stealth). [potion of mutation]
   730 | D        | Gained mutation: You expend magic power (3 MP) to strengthen your wands. [potion of mutation]
   731 | D        | Gained mutation: You have sharp toenails. [potion of mutation]
   731 | D        | Gained mutation: Your spells are a little harder to cast, but a little more powerful. [potion of mutation]
   731 | D        | Gained mutation: You occasionally shout uncontrollably at your foes. [potion of mutation]
   738 | D        | Found a snail-covered altar of Cheibriados.
   739 | D        | Found a basalt altar of Yredelemnul.
   739 | D        | Found a blossoming altar of Fedhas.
   740 | D        | Reached ** piety under Dithmenos
   796 | D        | Reached *** piety under Dithmenos
   879 | D        | Noticed Erolcha
   881 | D        | Killed Erolcha
   881 | D        | Reached skill level 13 in Stealth
   881 | D        | Reached skill level 10 in Spellcasting
   881 | D        | Reached XP level 9. HP: 39/39 MP: 22/24
  1047 | D        | Noticed a queen bee
  1050 | D        | Killed a queen bee
  1050 | D        | Reached **** piety under Dithmenos
  1050 | D        | Reached skill level 10 in Short Blades
  1050 | D        | Reached skill level 14 in Stealth
  1050 | D        | Reached skill level 5 in Ice Magic
  1118 | D        | Reached ***** piety under Dithmenos
  1152 | D        | Reached skill level 5 in Armour
  1171 | D        | Killed a yaktaur
  1298 | D        | Reached ****** piety under Dithmenos
  1378 | D        | Reached skill level 5 in Conjurations
  1398 | D        | Reached XP level 10. HP: 44/44 MP: 6/26
  1551 | D        | Reached skill level 15 in Stealth
  1685 | D        | Noticed a spiny frog
  1685 | D        | Noticed a spiny frog
  1688 | D        | Killed a spiny frog
  1690 | D        | Killed a spiny frog
  1750 | D        | Reached skill level 16 in Stealth
  1753 | D        | Noticed a lindwurm
  1756 | D        | Killed a lindwurm
  1766 | D        | Noticed Maud
  1782 | D        | Killed Maud
  1782 | D        | Reached skill level 15 in Dodging
  1782 | D        | Reached skill level 10 in Hexes
  1782 | D        | Reached XP level 11. HP: 47/47 MP: 19/29
  1831 | D        | Noticed a four-headed hydra
  1831 | D        | Noticed a seven-headed hydra
  1836 | D        | Killed a four-headed hydra
  1837 | D        | Killed a seven-headed hydra
  1837 | D        | Reached skill level 17 in Stealth
  1864 | D        | Noticed a death drake
  2116 | D        | Killed a death drake
  2153 | D        | Found a blossoming altar of Fedhas.
  2153 | D        | Noticed a spriggan druid
  2155 | D        | Killed a spriggan druid
  2284 | D        | Noticed a kraken
  2316 | D        | Killed a kraken
  2463 | D        | Noticed an alligator snapping turtle
  2463 | D        | Noticed an alligator snapping turtle
  2463 | D        | Noticed an alligator snapping turtle
  2463 | D        | Found Nar Heu's Book Emporium.
  2463 | D        | Found Zeojith's Antique Weapon Shop.
  2463 | D        | Found Itakye's Distillery.
  2475 | D        | HP: 2/47 [alligator snapping turtle (21)]
  2833 | D        | Killed an alligator snapping turtle
  3043 | D        | Reached skill level 18 in Stealth
  3047 | D        | Killed an alligator snapping turtle
  3095 | D        | Killed an alligator snapping turtle
  3199 | D        | Got a barnacled rune of Zot
  3400 | D        | Noticed Rupert
  3405 | D        | Killed Rupert
  3405 | D        | Reached skill level 19 in Stealth
  3405 | D        | Reached XP level 12. HP: 51/51 MP: 26/31
  3429 | D        | Noticed a death yak
  3430 | D        | Noticed a death yak
  3430 | D        | Noticed an azure jelly
  3430 | D        | Noticed a death yak
  3430 | D        | Noticed an azure jelly
  3430 | D        | Noticed a death yak
  3443 | D        | Killed a death yak
  3443 | D        | Reached skill level 15 in Spellcasting
  3448 | D        | Killed a death yak
  3617 | D        | Killed a death yak
  3773 | D        | Killed a death yak
  3956 | D        | Found Moxte's Antique Armour Shoppe.
  3956 | D        | Found Xerauv's Magic Scroll Boutique.
  3958 | D        | Found Juontei's Gadget Emporium.
  4210 | D        | Noticed a seven-headed hydra
  4210 | D        | Noticed the 27-headed Lernaean hydra
  4212 | D        | Killed the 27-headed Lernaean hydra
  4212 | D        | Reached skill level 15 in Short Blades
  4212 | D        | Reached skill level 20 in Stealth
  4214 | D        | Reached XP level 13. HP: 55/55 MP: 28/34
  4225 | D        | Got a decaying rune of Zot
  4327 | D        | Noticed an azure jelly
  4327 | D        | Noticed an azure jelly
  4328 | D        | Noticed a dire elephant
  4328 | D        | Noticed a dire elephant
  4328 | D        | Noticed Gastronok
  4330 | D        | Killed Gastronok
  4331 | D        | Killed a dire elephant
  4331 | D        | Reached skill level 21 in Stealth
  4333 | D        | Killed a dire elephant
  4455 | D        | Found Yhisuj Rui's Distillery.
  4631 | D        | Killed from afar by an orc high priest

Vault maps used:
D:        dungeon_sprint_mu

Action                   |  1- 3 |  4- 6 |  7- 9 | 10-12 | 13-15 || total
-------------------------+-------+-------+-------+-------+-------++-------
Melee: Dagger            |    20 |    15 |    90 |   270 |    39 ||   434
 Cast: Corona            |     1 |       |     1 |       |       ||     2
       Ensorcelled Hiber |     5 |       |    26 |    29 |       ||    60
       Dazzling Spray    |     3 |     5 |    14 |    57 |    14 ||    93
       Tukima's Dance    |       |       |     3 |       |     7 ||    10
       Confuse           |       |       |     4 |     1 |     2 ||     7
Invok: Shadow Step       |       |       |       |    13 |     1 ||    14
  Use: Potion            |     1 |       |     4 |       |     2 ||     7
 Stab: Sleeping          |     5 |     5 |    24 |    45 |     6 ||    85
       Confused          |       |       |     2 |       |       ||     2
       Invisible         |       |       |       |     5 |     1 ||     6
  Eat: Bread ration      |       |       |       |     1 |       ||     1
